 Dungeon Crawl Stone Soup version 0.26-a0-579-g3afe4966bf (webtiles) character file.

Game seed: 8702965165826090743

129 ANON1729 the Sneak (level 5, -1/32 HPs)
             Began as a Kobold Brigand on Aug 23, 2020.
             Slain by an orc wizard
             ... wielding a +0 dagger
              (5 damage)
             ... on level 4 of the Dungeon.
             The game lasted 00:03:58 (3417 turns).

ANON1729 the Sneak (Kobold Brigand)                 Turns: 3417, Time: 00:03:59

Health: -1/32      AC:  2    Str:  6 (8)  XL:     5   Next: 35%
Magic:  5/5        EV: 15    Int:  9 (12) God:
Gold:   130        SH:  0    Dex: 16 (18) Spells: 4/4 levels left

rFire    . . .     SeeInvis .   c - +0 dagger (venom)
rCold    . . .     Faith    .   (shield restricted)
rNeg     . . .     Spirit   .   b - +0 robe
rPois    .         Reflect  .   (no helmet)
rElec    .         Harm     .   r - scarf {repulsion}
rCorr    .                      (no gloves)
MR       .....                  (no boots)
Stlth    ++++......             (no amulet)
HPRegen  0.10/turn              (no ring)
MPRegen  0.09/turn              (no ring)

@: repel missiles
A: small, nightstalker 3
a: no special abilities


You were on level 4 of the Dungeon.
You visited 1 branch of the dungeon, and saw 4 of its levels.

You collected 130 gold pieces.

Inventory:

Hand Weapons
 a - a +2 dagger
 c - a +0 dagger of venom (weapon)
Missiles
 d - 24 poisoned darts (quivered)
 e - 2 curare-tipped darts
Armour
 b - a +0 robe (worn)
 r - a scarf of repulsion (worn)
Jewellery
 v - an uncursed ring of magical power {unknown}
 x - an uncursed ring of flight {unknown}
Scrolls
 h - 3 scrolls of identify {unknown}
 i - 2 scrolls of fear {unknown}
 m - a scroll of enchant weapon {unknown}
 p - a scroll of teleportation {unknown}
 q - 2 scrolls of remove curse {unknown}
 s - a scroll of amnesia {unknown}
 w - a scroll of random uselessness {unknown}
Potions
 f - a potion of might {unknown}
 g - a potion of ambrosia {unknown}
 j - a potion of berserk rage {unknown}
 k - a potion of haste {unknown}
 l - a potion of brilliance {unknown}
 n - a potion of degeneration
 o - a potion of lignification {unknown}
 t - a potion of curing
 u - a potion of heal wounds {unknown}


   Skills:
 + Level 3.0 Fighting
 * Level 4.1 Short Blades
 + Level 3.1 Throwing
 + Level 2.4 Dodging
 * Level 6.2 Stealth


You had 4 spell levels left.
You didn't know any spells.
Your spell library contained the following spells:

 Spells                   Type           Power        Failure   Level
 Animate Skeleton         Necr           #.....       38%         1
 Apportation              Tloc           #.....       38%         1
 Corona                   Hex            #......      38%         1
 Summon Small Mammal      Summ           #...         38%         1


Dungeon Overview and Level Annotations

Branches:
Dungeon (4/15)
 Temple: D:4-7

Altars:
Ashenzari
Cheibriados
Dithmenos
Kikubaaqudgha
Ru
Trog
Uskayaw
Yredelemnul
The Shining One


Innate Abilities, Weirdness & Mutations

You are small and have problems with some larger weapons.
You are completely attuned to the shadows.


Message History

The magic dart hits you!
* * * LOW HITPOINT WARNING * * *
It was a potion of degeneration.
There was something very wrong with that liquid.
You feel weakened.
You feel dopey.
You feel clumsy.
The orc wizard gestures wildly while chanting.
The orc wizard flickers and vanishes!
Deactivating autopickup; reactivate with Ctrl-A.
The frilled lizard misses you.
It was a potion of curing.
You feel better. The frilled lizard bites you. Something hits you.
You hear some strange, mumbled words.
A puff of flame appears from out of thin air!
The puff of flame is repelled.
An iguana comes into view.
A puff of frost appears from out of thin air!
The puff of frost hits you!
* * * LOW HITPOINT WARNING * * *
Something hits you.
You die...

#................###
###..................#
♣.##....#............###
P♣†....l##......#......#
P♣♣..ggg.####..##....###
.♣♣♣......####l.......#
...♣...#.##.##........#
.P....................#######
.♣♣♣............@......#....#
♣♣................#.........#
.g..........#...><#..#......♣
.g..........##..............♣
o........ ....#..........♣
...[.... .#..#......##...
....## ...........#...♣ ...##
..............##
............#..


You could see a frilled lizard.

Vanquished Creatures
  5 adders
  A worm (D:3)
  2 dart slugs (D:1)
  8 leopard geckos
  An orc (D:4)
  5 giant cockroaches
  7 goblins
  5 hobgoblins
  3 jackals (D:2)
  A quokka (D:2)
  A ball python (D:3)
  11 bats
  2 frilled lizards
  5 kobolds
  13 rats
70 creatures vanquished.

Vanquished Creatures (others)
  A plant (D:4)
1 creature vanquished.

Grand Total: 71 creatures vanquished

Notes
Turn   | Place    | Note
-------+----------+-------------------------------------------
     0 | D:1      | ANON1729 the Kobold Brigand began the quest for the Orb.
     0 | D:1      | Reached XP level 1. HP: 12/12 MP: 1/1
     0 | D:1      | Noticed a shadow dragon
     0 | D:1      | Noticed a shadow dragon
     2 | D:1      | Noticed a tentacled monstrosity
     4 | D:1      | Noticed a tentacled monstrosity
     6 | D:1      | Noticed an orb of fire
     7 | D:1      | Noticed a large abomination
     8 | D:1      | Noticed an ice dragon
    12 | D:1      | Noticed an ice dragon
    12 | D:1      | Noticed a large abomination
    14 | D:1      | Noticed an orb of fire
    16 | D:1      | Noticed an iron dragon
    16 | D:1      | Noticed an iron dragon
    17 | D:1      | Noticed a shadow dragon
    18 | D:1      | Noticed a large abomination
    23 | D:1      | Noticed a large abomination
   176 | D:1      | Reached XP level 2. HP: 16/18 MP: 2/2
   344 | D:1      | Reached XP level 3. HP: 22/22 MP: 3/3
  1089 | D:2      | Found a shattered altar of Ashenzari.
  1161 | D:2      | Found a hide-covered altar of Uskayaw.
  1213 | D:2      | Found a bloodstained altar of Trog.
  1221 | D:2      | Reached XP level 4. HP: 27/27 MP: 4/4
  1662 | D:2      | Found a shadowy altar of Dithmenos.
  2656 | D:3      | Reached skill level 6 in Stealth
  2674 | D:3      | Found a glowing golden altar of the Shining One.
  2674 | D:3      | Found a basalt altar of Yredelemnul.
  2674 | D:3      | Found a snail-covered altar of Cheibriados.
  2891 | D:3      | Reached XP level 5. HP: 31/32 MP: 5/5
  2923 | D:3      | Found an ancient bone altar of Kikubaaqudgha.
  2926 | D:3      | Found a sacrificial altar of Ru.
  3417 | D:4      | Slain by an orc wizard

Illustrated notes

Levels and vault maps discovered:
D:1:      shiori_arrival_whats_in_store_for_you, layout_basic,
          roderic_lattice_a, roderic_st_hans_cross
D:2:      layout_basic, eat_drink_and_be_merry_uskayaw,
          grunt_dithmenos_smoke_and_mirrors, lemuel_round_altar,
          nicolae_overflow_crystal_walls
D:3:      layout_loops_ring, grunt_temple_overflow_open,
          gammafunk_temple_overflow_claw, minmay_misc_feat_secret_circle
D:4:      layout_cave_pools, serial_forest, infiniplex_forest_zigzag_2,
          infiniplex_forest_lined_3_way, infiniplex_forest_lined_ring,
          infiniplex_forest_end_1, infiniplex_forest_end_double,
          infiniplex_forest_straight_4, infiniplex_forest_3_way,
          infiniplex_forest_lined_3_way, infiniplex_forest_straight_3,
          st_stairs_5, uniq_menkaure

Skill      XL: |  1  2  3  4  5 |
---------------+----------------+-----
Short Blades   | 3 4 |  4.1
Dodging        | 2 |  2.4
Stealth        | 6 |  6.2
Throwing       | 3 |  3.1
Fighting       | 3 |  3.0

Action                   |  1- 3 |  4- 6 || total
-------------------------+-------+-------++-------
Melee: Dagger            |    81 |   127 ||   208
  Use: Potion            |       |     2 ||     2
 Stab: Sleeping          |    23 |    15 ||    38
Armor: Robe              |    20 |     9 ||    29
Dodge: Dodged            |    34 |    66 ||   100
       Repelled          |       |     1 ||     1

Table legend: (Time is in decaauts)
 A = Elapsed time spent in this place.
 B = Non-inter-level travel time spent in this place.
 C = Inter-level travel time spent in this place.
 D = Time resting spent in this place.
 E = Time spent auto-exploring this place.
 F = Levels seen in this place.
 G = Mean time per level.
                   A        B        C        D        E       F      G
               +--------+--------+--------+--------+--------+-----+--------+
         Total |   3379 |   3275 |    104 |    625 |   2178 |   4 |  844.8 |
       Dungeon |   3379 |   3275 |    104 |    625 |   2178 |   4 |  844.8 |
               +--------+--------+--------+--------+--------+-----+--------+

Top non-repeatable levels by time:
     D:2: 1484 daAuts
     D:1: 982 daAuts
     D:3: 755 daAuts
     D:4: 157 daAuts
